 Dungeon Crawl Stone Soup version 0.31-a0-232-gb1c03b2570 (webtiles) character file.

Game seed: 11500570519037572781

892 qw the Shooter (level 8, -3/48 HPs)
             Began as a Gargoyle Hexslinger on July 7, 2023.
             Slain by a two-headed ogre
             ... wielding a +0 giant spiked club
              (12 damage)
             ... on level 5 of the Dungeon.
             The game lasted 00:01:25 (3263 turns).

qw the Shooter (Gargoyle Hexslinger)                Turns: 3263, Time: 00:01:26

Health: -3/48      AC: 14    Str: 13    XL:     8   Next: 6%
Magic:  9/9        EV: 13    Int: 13    God:
Gold:   199        SH:  0    Dex: 20    Spells: 8/9 levels left

rFire   . . .        r - +0 shortbow
rCold   . . .        (shield currently unavailable)
rNeg    + . .        b - +2 robe {Will+}
rPois   inf          f - +0 helmet
rElec   +            q - +1 cloak
rCorr   .            d - +0 pair of gloves
SInv    .            k - +0 pair of boots
Will    +....        (no amulet)
Stlth   ++           m - +6 ring of dexterity
HPRegen 0.28/turn    n - +4 ring of slaying {mikee}
MPRegen 0.11/turn

%: no passive effects
@: about to teleport
A: sickness immunity, AC +5, negative energy resistance 1, electricity
resistance, torment resistance 1, petrification resistance
a: no special abilities


You were on level 5 of the Dungeon.
You visited 1 branch of the dungeon, and saw 5 of its levels.

You collected 199 gold pieces.


Innate Abilities, Weirdness & Mutations

You are immune to sickness and miasma.
Your stone body is resilient. (AC +5)
You are immune to poison.
You resist negative energy. (rN+)
You are resistant to electric shocks. (rElec)
You are resistant to unholy torment.
You are immune to petrification.


   Skills:
 - Level 4.2 Fighting
 + Level 7.9 Ranged Weapons
 - Level 1.3 Armour
 - Level 2.1 Dodging
 - Level 1.0 Spellcasting
 - Level 2.6 Hexes


You had 8 spell levels left.
You knew the following spells:

 Your Spells              Type           Power      Damage    Failure   Level
a - Slow                  Hex            28%        N/A       10%         1

Your spell library contained the following spells:

 Spells                   Type           Power      Damage    Failure   Level
 Inner Flame              Hex/Fire       4%         N/A       43%         3
 Portal Projectile        Hex/Tloc       8%         N/A       43%         3
 Cause Fear               Hex            3%         N/A       67%         4

Inventory:

Hand Weapons
 r - a +0 shortbow (weapon)
Armour
 b - a +2 robe of willpower (worn)
 d - a +0 pair of gloves (worn)
 f - a +0 helmet (worn)
 k - a +0 pair of boots (worn)
 q - a +1 cloak (worn)
Jewellery
 g - a ring of fire
 m - a +6 ring of dexterity (left hand)
 n - a +4 ring of slaying (right hand) {mikee}
 t - an amulet of guardian spirit
Scrolls
 j - a scroll of identify
 l - a scroll of enchant armour {unknown}
 s - a scroll of revelation {unknown}
Potions
 a - a potion of haste {unknown}
 c - a potion of lignification {unknown}
 h - a potion of mutation {unknown}
 i - a potion of attraction {unknown}
 o - a potion of brilliance {unknown}
 p - a potion of enlightenment {unknown}

Dungeon Overview and Level Annotations

Branches:
Dungeon (5/15)
 Temple: D:4-7

Altars:
Dithmenos
Fedhas
Nemelex Xobeh

Annotations:
D:2 1 runed translucent door, Crazy Yiuf


Message History

Enter note:
Enter note:
Enter note:
Enter note:
Enter note: You shoot an arrow.
The arrow hits the two-headed ogre but does no damage.
You shoot an arrow.
The arrow barely misses the two-headed ogre.
You shoot an arrow.
The arrow barely misses the two-headed ogre.
You shoot an arrow. The arrow hits the two-headed ogre!
The two-headed ogre is moderately wounded.
You shoot an arrow. The arrow hits the two-headed ogre!
The two-headed ogre is heavily wounded.
You shoot an arrow. The arrow hits the two-headed ogre!
The two-headed ogre is severely wounded.
The two-headed ogre hits you with a +0 giant spiked club.
The two-headed ogre hits you with a +0 giant spiked club!
You shoot an arrow. The arrow hits the two-headed ogre!
The two-headed ogre is severely wounded.
You shoot an arrow. The arrow hits the two-headed ogre!
The two-headed ogre is almost dead.
The two-headed ogre misses you.
The two-headed ogre hits you with a +0 giant spiked club!
You shoot an arrow.
The arrow barely misses the two-headed ogre.
The two-headed ogre barely misses you. x2
You shoot an arrow. The arrow hits the two-headed ogre.
The two-headed ogre is almost dead.
You shoot an arrow.
The arrow barely misses the two-headed ogre.
The two-headed ogre hits you with a +0 giant spiked club.
The two-headed ogre hits you with a +0 giant spiked club!
3263 ||| READING scroll of teleportation.
As you read the scroll of teleportation, it crumbles to dust.
You feel strangely unstable.
The two-headed ogre hits you but does no damage.
The two-headed ogre hits you with a +0 giant spiked club!
You die...

#....... .. #...###. ##.## ##.##
#. #...# #.# ## #...# ####.#####
#. #...# #.....[... #. #...#
####.##)####. ###.
######..O#####.......####.
##...###........@.....#........#.
......(..................#...#...
#......#..............#..........
#.#....######...#####.#.#..#####.
.......######...# #......# ##
#.#........##...### ####.###
#.#....###........# #.#
.......###..#...#.# #.#
#..............##.# #.########


You could see a two-headed ogre.

Vanquished Creatures
  Prince Ribbit (D:5)
  A water moccasin (D:4)
  A phantom (D:5)
  A scorpion (D:4)
  A hound (D:4)
  4 orc priests
  A sleepcap (D:3)
  An iguana (D:4)
  Jessica (D:2)
  3 orc wizards
  4 adders
  6 worms
  A dart slug (D:1)
  15 orcs
  8 ball pythons
  6 endoplasms
  2 giant cockroaches
  5 goblins
  6 hobgoblins
  5 jackals (D:1)
  10 kobolds
  5 quokkas
  2 bats
  5 frilled lizards
  7 rats
102 creatures vanquished.

Notes
Turn   | Place    | Note
-------+----------+-------------------------------------------
     0 | D:1      | qw the Gargoyle Hexslinger began the quest for the Orb.
     0 | D:1      | Reached XP level 1. HP: 12/12 MP: 2/2
     0 | D:1      | 0 ||| qw: Version: 0.3-a-46-gb1f654a
     0 | D:1      | 0 ||| qw: Game counter: 2168
     0 | D:1      | 0 ||| qw: Melee chars always use a shield: true
     0 | D:1      | 0 ||| qw: God list: Okawaru
     0 | D:1      | 0 ||| qw: Allow faded altars: false
     0 | D:1      | 0 ||| qw: Do Orc after clearing Dungeon:15 true
     0 | D:1      | 0 ||| qw: Do second Lair branch before Depths: true
     0 | D:1      | 0 ||| qw: Lair rune preference: random
     0 | D:1      | 0 ||| qw: Goals: Normal
     0 | D:1      | 0 ||| PLANNING D:1-11
    95 | D:1      | Reached XP level 2. HP: 16/16 MP: 3/3
   189 | D:1      | Reached skill level 3 in Ranged Weapons
   365 | D:1      | Reached XP level 3. HP: 21/21 MP: 4/4
   665 | D:1      | 665 ||| UPGRADING to +0 pair of gloves.
   670 | D:1      | 670 ||| UPGRADING to +0 helmet.
   675 | D:1      | 675 ||| UPGRADING to +0 ring mail.
   685 | D:1      | 685 ||| DROPPING +0 robe.
   686 | D:1      | 686 ||| UPGRADING to +0 pair of boots.
   691 | D:1      | 691 ||| UPGRADING to +1 cloak.
   696 | D:1      | 696 ||| UPGRADING to +6 ring of dexterity.
   697 | D:1      | 697 ||| UPGRADING to +4 ring of slaying {mikee}.
   698 | D:1      | 698 ||| READING scroll labelled VUK KIFYDA.
   699 | D:1      | 699 ||| READING scroll labelled RYRUPH WOBYI.
   700 | D:1      | 700 ||| READING scroll labelled RUIFANTACW.
   701 | D:1      | 701 ||| READING scroll labelled WANIASOE XIUQ.
   702 | D:1      | 702 ||| READING scroll labelled NEFOGHAQIS.
   705 | D:1      | 705 ||| DROPPING scroll of poison.
   740 | D:2      | Reached skill level 1 in Armour
   776 | D:2      | Reached XP level 4. HP: 26/26 MP: 5/5
   846 | D:2      | Noticed Jessica
   871 | D:2      | Killed Jessica
   872 | D:2      | Reached skill level 4 in Ranged Weapons
   926 | D:2      | 926 ||| READING scroll of enchant weapon.
   926 | D:2      | 926 ||| ENCHANTING +2 sling.
  1127 | D:2      | Found a runed translucent door.
  1128 | D:2      | Noticed Crazy Yiuf
  1243 | D:2      | 1243 ||| UPGRADING to +2 robe of willpower.
  1253 | D:2      | 1253 ||| DROPPING +0 ring mail.
  1316 | D:3      | Found a sparkling altar of Nemelex Xobeh.
  1357 | D:3      | Reached XP level 5. HP: 30/30 MP: 6/6
  1488 | D:3      | Reached skill level 5 in Ranged Weapons
  1772 | D:3      | 1772 ||| READING scroll labelled CIOCAHE HUJ CILOGH.
  1773 | D:3      | 1773 ||| DRINKING 2 fizzy orange potions.
  1774 | D:3      | 1774 ||| DROPPING potion of degeneration.
  1838 | D:4      | Reached skill level 3 in Fighting
  1838 | D:4      | Reached XP level 6. HP: 37/38 MP: 7/7
  1875 | D:4      | Found a shadowy altar of Dithmenos.
  2074 | D:4      | Noticed a water moccasin
  2079 | D:4      | Killed a water moccasin
  2082 | D:4      | Reached skill level 6 in Ranged Weapons
  2131 | D:4      | Found a blossoming altar of Fedhas.
  2267 | D:4      | Reached XP level 7. HP: 42/42 MP: 8/8
  2683 | D:4      | 2683 ||| READING scroll labelled SENYSA GIREIXZOC.
  2739 | D:5      | Entered Level 5 of the Dungeon
  2756 | D:5      | 2756 ||| Stepping ~*~*~tactically~*~*~ (outnumbered).
  2759 | D:5      | 2759 ||| Stepping ~*~*~tactically~*~*~ (outnumbered).
  2768 | D:5      | 2768 ||| Stepping ~*~*~tactically~*~*~ (outnumbered).
  2864 | D:5      | Reached skill level 7 in Ranged Weapons
  3003 | D:5      | Noticed Prince Ribbit
  3011 | D:5      | Killed Prince Ribbit
  3012 | D:5      | Reached XP level 8. HP: 42/48 MP: 9/9
  3125 | D:5      | 3125 ||| SWAPPING to +0 shortbow.
  3126 | D:5      | 3126 ||| DROPPING +3 sling.
  3251 | D:5      | Noticed a two-headed ogre
  3262 | D:5      | HP: 9/48 [two-headed ogre/+0 giant spiked club (12)]
  3263 | D:5      | 3263 ||| READING scroll of teleportation.
  3263 | D:5      | Slain by a two-headed ogre

Levels and vault maps discovered:
D:1:      dpeg_arrival_boxorama, layout_basic
D:2:      layout_rooms, uniq_jessica, uniq_crazy_yiuf_cottage
D:3:      layout_basic, nemelex_xobeh_ov_fountains_minmay,
          chequers_serial_rivers_room_b
D:4:      layout_basic, lemuel_round_altar, lemuel_tele_altar
D:5:      layout_loops_cross, lemuel_coloured_pillars_altar,
          minmay_misc_feat_enclosed, uniq_prince_ribbit1

Skill      XL: |  1  2  3  4  5  6  7 |
---------------+----------------------+-----
Ranged Weapons | 3 4 5 6 7 |  7.9
Fighting       | 2 3 4 |  4.2
Armour         | 1 |  1.3
Dodging        | 2 |  2.1
Spellcasting   | |  1.0
Hexes          | |  2.6

Action                     |  1- 3 |  4- 6 |  7- 9 || total
---------------------------+-------+-------+-------++-------
   Fire: Sling             |   123 |   129 |    82 ||   334
         Shortbow          |       |       |    11 ||    11
    Use: Scroll            |     5 |     2 |     2 ||     9
         Potion            |       |     1 |       ||     1
 Armour: Robe              |    19 |     9 |    21 ||    49
         Ring mail         |     2 |     5 |       ||     7
  Dodge: Dodged            |    37 |    20 |    20 ||    77

Table legend:
 A = Non-vault XP
 B = Vault XP
 C = Vault XP percentage of total XP
 D = Non-vault monster count
 E = Vault monster count
 F = Vault count percentage of total count
                 A         B        C        D         E       F
            +---------+---------+-------+---------+---------+-------
      Total |     964 |     311 |  24.4 |     100 |       2 |   2.0
            +---------+---------+-------+---------+---------+-------
        D:1 |      48 |       0 |   0.0 |      29 |       0 |   0.0
        D:2 |      75 |      37 |  33.0 |      23 |       1 |   4.2
        D:3 |     118 |       0 |   0.0 |      23 |       0 |   0.0
        D:4 |     398 |       0 |   0.0 |      14 |       0 |   0.0
        D:5 |     325 |     274 |  45.7 |      11 |       1 |   8.3
            +---------+---------+-------+---------+---------+-------
